 Dungeon Crawl Stone Soup version 0.16-a0-3943-gb4b81e6 (webtiles) character file.

248 abixa the Charlatan (level 6, -7/43 HPs)
             Began as a Human Artificer on Feb 8, 2015.
             Mangled by an orc
             ... wielding a +0 falchion of electrocution
              (16 damage)
             ... on level 4 of the Dungeon.
             The game lasted 00:10:43 (3337 turns).

abixa the Charlatan (Human Artificer)               Turns: 3337, Time: 00:10:44

Health: -7/43      AC:  6    Str: 12    XL:     6   Next: 34%
Magic:  13/13      EV:  9    Int: 12    God:
Gold:   132        SH:  0    Dex: 15    Spells: 0 memorised, 5 levels left

rFire  . . .     SeeInvis .     a - +2 dagger (venom)
rCold  . . .     Clarity  .     w - +0 scale mail
rNeg   . . .     SustAb   .     (no shield)
rPois  .         Gourm    .     (no helmet)
rElec  .         Spirit   .     (no cloak)
rCorr  .         Warding  .     (no gloves)
rMut   .         Stasis   .     (no boots)
MR     .....                    (no amulet)
Stlth  +.........               (no ring)
                                D - ring of stealth

@: not resistant to hostile enchantments, very unstealthy
A: no striking features
a: no special abilities


You were on level 4 of the Dungeon.
You were not hungry.

You visited 1 branch of the dungeon, and saw 4 of its levels.

You collected 132 gold pieces.

Inventory:

Hand weapons
 a - a +2 dagger of venom (weapon)
 b - a +0 hunting sling
 e - a +0 glaive
 j - a +1 dagger of draining
 o - a +0 short sword
 r - a +0 spear
Missiles
 g - 7 curare-tipped needles
 l - 149 stones (quivered)
 m - 33 arrows
 v - 12 sling bullets
 x - 42 bolts
 C - 14 poisoned needles
Armour
 w - a +0 scale mail (worn)
Jewellery
 D - a ring of stealth (left hand)
Magical devices
 c - a wand of enslavement (15)
 d - a wand of random effects (15)
 s - a wand of flame (15)
Scrolls
 h - a scroll of enchant armour {unknown}
 i - 2 scrolls of blinking {unknown}
 n - a scroll of immolation {unknown}
 p - a scroll of recharging {unknown}
 q - 5 scrolls of identify {unknown}
 y - 2 scrolls of remove curse {unknown}
 E - a scroll of random uselessness {unknown}
 F - a scroll of magic mapping {unknown}
 G - a scroll of teleportation {unknown}
Potions
 t - a potion of degeneration {unknown}
 u - 2 potions of might {unknown}
 z - a potion of mutation {unknown}
 B - a potion of heal wounds {unknown}
Comestibles
 f - 4 bread rations
 k - a royal jelly
 A - a meat ration


   Skills:
 - Level 1.0 Fighting
 - Level 1.0 Short Blades
 - Level 2.0 Dodging
 - Level 1.0 Stealth
 + Level 7.1 Evocations


You had 5 spell levels left.
You didn't know any spells.

Dungeon Overview and Level Annotations

Branches:
Dungeon (4/15)
 Temple: D:4-7

Altars:
Ashenzari
Dithmenos
Elyvilon
Vehumet


Message History

* * * LOW HITPOINT WARNING * * *
Things that are here:
a club; a kobold corpse; a worker ant corpse
There is a stone staircase leading up here.
Evoke which item? (* to show all) (? for menu, Esc to quit)
Okay, then.
Unknown command.
The ogre looks more healthy.
Found a puce potion.
An orc comes into view.
It is wielding a falchion of electrocution.
The orc shouts!
Found a stone staircase leading down.
There is a stone staircase leading up here.
Things that are here:
a club; a kobold corpse; a worker ant corpse
There is a stone staircase leading up here.
The orc hits you with a falchion of electrocution.
* * * LOW HITPOINT WARNING * * *
You are electrocuted!
You die...

..##...................##
......................##
#.............#########
..............#
..............#
........<.....#
..............#####
..................#
.............@....#
..#.>........o....#
###.........O...#
#.............#.
##.#.##..........
...#.##........>..
##.##.............
#...............
#...........###


You could see an ogre and an orc.

Vanquished Creatures
  A scorpion (D:4)
  An iguana (D:4)
  A worker ant (D:4)
  Ijyb (D:2)
  5 adders
  A worm (D:3)
  4 giant geckos
  9 hobgoblins
  6 jackals
  6 kobolds
  4 quokkas
  15 bats
  4 giant cockroaches
  5 giant newts
  14 goblins
  7 rats
84 creatures vanquished.

Notes
Turn   | Place    | Note
--------------------------------------------------------------
     0 | D:1      | abixa, the Human Artificer, began the quest for the Orb.
     0 | D:1      | Reached XP level 1. HP: 15/15 MP: 1/1
   246 | D:1      | Reached XP level 2. HP: 14/21 MP: 3/3
   606 | D:1      | Reached skill level 4 in Evocations
   623 | D:1      | Reached XP level 3. HP: 23/26 MP: 5/5
  1278 | D:2      | Found a white marble altar of Elyvilon.
  1322 | D:2      | Reached XP level 4. HP: 14/32 MP: 7/7
  1645 | D:2      | Reached skill level 5 in Evocations
  2131 | D:2      | Found a shattered altar of Ashenzari.
  2257 | D:2      | Noticed Ijyb
  2270 | D:2      | Killed Ijyb
  2270 | D:2      | Reached XP level 5. HP: 28/37 MP: 9/9
  2466 | D:2      | Reached skill level 6 in Evocations
  2573 | D:3      | Found a shadowy altar of Dithmenos.
  2850 | D:3      | Found a radiant altar of Vehumet.
  3181 | D:4      | Reached XP level 6. HP: 43/43 MP: 12/12
  3225 | D:4      | Reached skill level 7 in Evocations
  3261 | D:4      | HP: 2/43 [ogre/giant spiked club (18)]
  3337 | D:4      | Mangled by an orc

Action                   |  1- 3 |  4- 6 || total
-------------------------+-------+-------++-------
Melee: Short sword       |    18 |       ||    18
       Dagger            |    80 |   135 ||   215
 Fire: Hunting sling     |     1 |     4 ||     5
 Stab: Sleeping          |     1 |       ||     1
  Eat: Chunk             |     1 |     7 ||     8
